 Dungeon Crawl Stone Soup version 0.28-a0-1415-g7c84da036a (webtiles) character file.

Game seed: 9835793499236887871

978 fragbeetle the Ruffian (level 7, 0/58 HPs)
             Began as a Grey Draconian Transmuter on Jan 7, 2022.
             Slain by an iguana (11 damage)
             ... on level 4 of the Dungeon.
             The game lasted 00:13:23 (5530 turns).

fragbeetle the Ruffian (Grey Draconian Transmuter)  Turns: 5530, Time: 00:13:23

Health: 0/58       AC:  2    Str: 14    XL:     7   Next: 95%
Magic:  6/10       EV: 20    Int: 14    God:
Gold:   217        SH:  0    Dex: 16    Spells: 2/10 levels left

rFire   . . .      SeeInvis .     - Unarmed
rCold   . . .      Faith    .   (shield currently unavailable)
rNeg    . . .      Spirit   .   (armour unavailable)
rPois   x          Reflect  .   (helmet currently unavailable)
rElec   .          Harm     .   (cloak currently unavailable)
rCorr   .          Rampage  .   (gloves currently unavailable)
Will    .....                   (boots currently unavailable)
Stlth   +.........              (no amulet)
HPRegen 0.19/turn               (no ring)
MPRegen 0.12/turn               (no ring)

@: spider-form
A: venomous fangs, AC +11, (amphibious), tiny, unfitting armour, (cold-blooded)
a: End Transformation


You were on level 4 of the Dungeon.
You were a venomous arachnid creature.
You visited 1 branch of the dungeon, and saw 5 of its levels.

You collected 217 gold pieces.

Inventory:

Hand Weapons
 k - a +0 hunting sling
Missiles
 a - 370 stones
 j - 4 boomerangs (quivered)
 u - 54 sling bullets
 w - a throwing net
Armour
 c - an orb of energy
Scrolls
 b - 5 scrolls of identify {unknown}
 d - a scroll of enchant armour {unknown}
 e - a scroll of brand weapon {unknown}
 f - 4 scrolls of teleportation {unknown}
 g - 2 scrolls of noise {unknown}
 h - a scroll of vulnerability {unknown}
 l - 2 scrolls of magic mapping {unknown}
 m - a scroll of fog {unknown}
 t - a scroll of silence {unknown}
Potions
 i - a potion of mutation {unknown}
 n - a potion of magic {unknown}
 o - 2 potions of curing {unknown}
 p - a potion of brilliance {unknown}
 q - a potion of haste {unknown}
 r - 2 potions of degeneration {unknown}
 s - 2 potions of attraction {unknown}
 v - a potion of cancellation {unknown}
 x - a potion of heal wounds {unknown}


   Skills:
 + Level 3.6 Fighting
 + Level 3.4 Dodging
 * Level 5.6 Unarmed Combat
 - Level 2.0 Spellcasting
 * Level 5.1 Transmutations
 + Level 2.0 Ice Magic
 + Level 2.7 Poison Magic


You had 2 spell levels left.
You knew the following spells:

 Your Spells              Type           Power      Damage    Failure   Level
a - Beastly Appendage     Tmut           30%        N/A       11%         1
b - Spider Form           Tmut/Pois      12%        N/A       32%         3
c - Ice Form              Ice/Tmut       11%        N/A       69%         4

Your spell library contained the following spells:

 Spells                   Type           Power      Damage    Failure   Level
 Wereblood                Tmut           15%        N/A       13%         2
 Apportation              Tloc           2%         N/A       45%         1
 Alistair's Intoxication  Tmut/Pois      8%         N/A       91%         5
 Leda's Liquefaction      Hex/Erth       0%         N/A       98%         4
 Lee's Rapid Deconstruct  Erth           0%         3d5*      100%        5
 Statue Form              Tmut/Erth      5%         N/A       100%        6


Dungeon Overview and Level Annotations

Branches:
Dungeon (5/15)
 Temple: D:4-7

Altars:
Nemelex Xobeh

Shops:
D:4 [


Innate Abilities, Weirdness & Mutations

You are a venomous arachnid creature.
You have poisonous fangs.
You are tiny and dextrous.
Your spellcasting is less reliable in this form.
Your armour is entirely melded.
You are incapable of wielding weapons or throwing items.
((Your dull iron-grey scales are very hard. (AC +11)))
((You are amphibious.))
You cannot fit into any form of body armour.
((You are cold-blooded and may be slowed by cold attacks.))


Message History

The gnoll hits you from afar with a +0 spear.
You bite the orc priest!
You kill the orc priest!
An orc wizard comes into view. It is wielding a +0 dagger.
The gnoll misses you.
An orc comes into view. It is wielding a +0 hand axe.
The gnoll hits you with a +0 spear.
Things that are here:
a +0 hand axe; a +0 club; an orc corpse You bite the gnoll!
The gnoll is poisoned.
The gnoll is severely wounded.
A black bear comes into view.
You hit the gnoll.
You kill the gnoll!
Your transformation has ended.
You see here a +0 flail.
There is a stone staircase leading up here.
The iguana hisses menacingly.
The iguana bites you.
You climb upwards.
There is a stone staircase leading down here.
Things that are here:
a +0 club; a +0 hunting sling
Casting: Spider Form (dangerous; 14% risk of failure)
Confirm with . or Enter, or press ? or * to list all spells.
You turn into a venomous arachnid creature.
The iguana bites you.
You hit the iguana but do no damage.
The iguana is poisoned.
The iguana closely misses you.
You hit the iguana.
The iguana is moderately wounded.
The iguana bites you!
* * * LOW HITPOINT WARNING * * *
You barely miss the iguana.
The iguana is moderately wounded.
The iguana completely misses you.
You hit the iguana.
The iguana is moderately wounded.
The iguana bites you!
You die...

##........# ##..### ###......##
#.....## #.........####.....##
### ##...#.....#........####.###
#####............###.....#.
###...........###........
###..................##....
#..............##....###...
#........#sl...###...# ##..
##......##....####...####..
######........#.....#......##...
#....#.#..>............##...#..#
#......#......#........#########
##....#.########........##...#...
#####.#)#≈≈§≈≈##.......###.##.##.
.#####..#§§..≈#.......##_.##.##.#
...# #..#§.∩..'........####.##)##


You could see an iguana (very poisoned).

Vanquished Creatures
  Pikel (D:4)
  2 lemures (D:4)
  A centaur (D:4)
  A scorpion (D:4)
  2 hounds
  2 orc priests
  Terence (D:3)
  Robin (D:4)
  An adder (D:2)
  9 gnolls
  2 worms (D:4)
  4 orcs (D:3)
  8 endoplasms
  3 giant cockroaches
  30 hobgoblins
  4 jackals (D:1)
  11 kobolds
  5 quokkas
  5 ball pythons
  A bat (D:3)
  4 frilled lizards
  39 goblins
  6 rats
143 creatures vanquished.

Notes
Turn   | Place    | Note
-------+----------+-------------------------------------------
     0 | D:1      | fragbeetle the Draconian Transmuter began the quest for the
                  | Orb.
     0 | D:1      | Reached XP level 1. HP: 16/16 MP: 3/3
   368 | D:1      | Reached XP level 2. HP: 23/23 MP: 3/5
   956 | D:1      | Reached XP level 3. HP: 29/29 MP: 4/6
  1110 | D:1      | Learned a level 3 spell: Spider Form
  1307 | D:2      | You fall into a shaft and drop 2 floors!
  1805 | D:2      | Found a faded altar of an unknown god.
  2067 | D:3      | Reached XP level 4. HP: 16/36 MP: 7/7
  2502 | D:3      | Noticed Terence
  2563 | D:3      | Killed Terence
  2564 | D:3      | Reached skill level 1 in Poison Magic
  2664 | D:3      | Reached XP level 5. HP: 13/41 MP: 8/8
  4278 | D:3      | Learned a level 4 spell: Ice Form
  4339 | D:4      | Noticed Robin
  4349 | D:4      | Killed Robin
  4350 | D:4      | Reached XP level 6. HP: 50/50 MP: 5/9
  4468 | D:4      | Found Suytwise's Armour Shop.
  4809 | D:4      | Reached skill level 1 in Ice Magic
  4887 | D:4      | Found a sparkling altar of Nemelex Xobeh.
  4935 | D:4      | Noticed Pikel
  4971 | D:4      | Killed Pikel
  4972 | D:4      | Reached skill level 5 in Unarmed Combat
  4972 | D:4      | Reached skill level 5 in Transmutations
  4972 | D:4      | Your scales start taking on a dull iron-grey colour.
  4972 | D:4      | Reached XP level 7. HP: 30/57 MP: 5/10
  5505 | D:5      | Entered Level 5 of the Dungeon
  5530 | D:4      | Slain by an iguana

Illustrated notes

Levels and vault maps discovered:
D:1:      dpeg_arrival_refuge, layout_loops_ring
D:2:      layout_loops_cross, ebering_ecumenical_altar_box
D:3:      minmay_goblin_kobold_castle, layout_loops_ring, minivault_11,
          uniq_terence
D:4:      layout_cave_pools, marbit_many_paths, serial_shops,
          kennysheep_little_box, uniq_pikel, uniq_robin
D:5:      gammafunk_wand_slinger, layout_basic

Skill      XL: |  1  2  3  4  5  6  7 |
---------------+----------------------+-----
Dodging        | 2 3 |  3.4
Fighting       | 2 3 |  3.6
Transmutations | 3 5 |  5.1
Poison Magic   | 1 2 |  2.7
Unarmed Combat | 4 5 |  5.6
Ice Magic      | 1 2 |  2.0
Spellcasting   | |  2.0

Action                   |  1- 3 |  4- 6 |  7- 9 || total
-------------------------+-------+-------+-------++-------
Melee: Unarmed           |   121 |   254 |    19 ||   394
       Kick              |    28 |    29 |       ||    57
       Headbutt          |    12 |    20 |       ||    32
       Punch             |     4 |     3 |       ||     7
       Tailslap          |    12 |    18 |       ||    30
Throw: Boomerang         |       |     4 |       ||     4
 Cast: Beastly Appendage |    34 |    27 |       ||    61
       Spider Form       |       |    10 |     4 ||    14
 Abil: End Transformatio |       |     1 |       ||     1
 Stab: Distracted        |       |     1 |       ||     1
Armor: Skin              |    22 |    61 |       ||    83
Dodge: Dodged            |    90 |   199 |    10 ||   299

Table legend: (Time is in decaauts)
 A = Elapsed time spent in this place.
 B = Non-inter-level travel time spent in this place.
 C = Inter-level travel time spent in this place.
 D = Time resting spent in this place.
 E = Time spent auto-exploring this place.
 F = Levels seen in this place.
 G = Mean time per level.
                   A        B        C        D        E       F      G
               +--------+--------+--------+--------+--------+-----+--------+
         Total |   5519 |   5417 |    102 |   1220 |   2779 |   5 | 1103.8 |
       Dungeon |   5519 |   5417 |    102 |   1220 |   2779 |   5 | 1103.8 |
               +--------+--------+--------+--------+--------+-----+--------+

Top non-repeatable levels by time:
     D:3: 2621 daAuts
     D:1: 1130 daAuts
     D:4: 1025 daAuts
     D:2: 724 daAuts
     D:5: 18 daAuts
